Unix NetHack Version 5.0.0-0 post-release - last build Jun 10 2026 00:39:30 (3ee93aec679c4c4259841fe613dc97188e26a321,branch:main).

Game began 2026-06-13 07:42:15, ended 2026-06-13 08:19:25.

LDaviesPeters, neutral female human Archeologist

     --------                                                   --+-------
     |......|           -------                                 S@`......|
     |......|           |.....|        ---------------         #|.{......|
     |(.(...|           |......#       |.............|         #|`.......|
     |......|           |.....|########..............|        ##------- --
     |......|           |.....|        |.............|        #
     |......|           |.....|        -----------.---       ##
     -----.--           --+-.--         #########################`
          #               ###############           ###      #
          ##                #
           #                #
           #           -----.-
           #           |.....|
         --.-------    |.....|
         |........|   #...%..|
         |........-####|..<..|
         |..{.)d..|    -------
         ----------

LDaviesPeters the Field Worker  St:9 Dx:11 Co:15 In:18 Wi:14 Ch:10  Neutral
Dlvl:7  $:0  HP:0(41) Pw:25(25) AC:-1 Xp:5 T:4008  Burdened

Latest messages:
 You put 42 gold pieces into the sack.
 You put a scroll of confuse monster into the sack.
 You put a scroll of create monster into the sack.
 You put a murky potion into the sack.
 You find a hidden door.
 You hear bubbling water.
 You miss the fog cloud.
 You lash the fog cloud.
 You miss the fog cloud.
 You miss the fog cloud.
 You miss the fog cloud.
 You miss the fog cloud.
 The fog cloud engulfs you!
 You are laden with moisture and can barely breathe!
 You lash the fog cloud.
 You are enveloped in a cloud of steam!
 You destroy the fog cloud!
 The door opens.
 The snake bites!
 You kill the newt!
 You miss the snake.
 The snake misses!
 You miss the snake.
 The snake bites!
 The snake's bite was poisoned!
 Your movements are slowed slightly because of your load.
 You feel weaker!
 The snake misses!
 You miss the snake.
 The snake bites!
 You lash the snake.
 The snake bites!
 The snake bites!
 The snake misses!
 You lash the snake.
 The snake just misses!
 You find a hidden door.
 You miss the snake.
 The snake bites!
 You lash the snake.
 The snake misses!
 The snake bites!
 The snake misses!
 You miss the snake.
 The snake bites!
 The snake's bite was poisoned!
 You miss the snake.
 The snake bites!
 You die...
 Do you want your possessions identified? [ynq] (y) q

Inventory:
 Weapons  (')')
  v - a blessed +0 dagger
  q - 6 +0 daggers
  E - a blessed +1 orcish dagger
  s - 2 +2 orcish daggers
  a - a +2 bullwhip (weapon in right hand)
 Armor    ('[')
  e - a blessed +2 orcish helm (being worn)
  U - a blessed +2 pair of jumping boots (being worn)
  u - an uncursed +0 elven mithril-coat (being worn)
 Comestibles  ('%')
  d - 4 uncursed food rations
 Rings    ('=')
  z - a cursed -1 ring of protection
 Wands    ('/')
  j - a wand of light (0:12)
 Tools    ('(')
  b - an uncursed sack containing 5 items
  B - an uncursed blindfold
  p - a +0 pick-axe
  k - an uncursed skeleton key
  f - a tinning kit (0:81)
 Gems/Stones  ('*')
  o - an uncursed obsidian stone
  g - an uncursed touchstone

Contents of the sack:
  264 gold pieces
  a cursed scroll of confuse monster
  an uncursed scroll of create monster
  a cursed potion of levitation
  an uncursed potion of oil

LDaviesPeters the Archeologist's attributes:

Background:
 You were a Field Worker, a level 5 female human Archeologist.
 You were neutral, on a mission for Camaxtli
 who was opposed by Quetzalcoatl (lawful) and Huhetotl (chaotic).
 You were right-handed.
 You were in the Dungeons of Doom, on level 7.
 You entered the dungeon 4008 turns ago.
 You had 319 experience points, 1 more was needed to attain level 6.

Basics:
 You had 0 out of 41 hit points.
 You had all 25 energy points (spell power).
 Your armor class was -1.
 Your wallet was empty, but
 you had 264 zorkmids stashed away in your pack.
 Autopickup was off.

Final Characteristics:
 Your strength was 9 (peak:12, limit:18/100).
 Your dexterity was 11 (limit:18).
 Your constitution was 15 (limit:18).
 Your intelligence was 18 (limit:18).
 Your wisdom was 14 (limit:18).
 Your charisma was 10 (limit:18).

Final Status:
 You weren't hungry.
 You were burdened; movement was slightly slowed.
 You were wielding a whip.
 You were skilled in whip.

Final Attributes:
 You were piously aligned.
 You were telepathic.
 You had automatic searching.
 You were stealthy.
 You could jump.
 You were guarded.
 Your spell casting was impaired by metallic armor.
 You are dead.

Miscellaneous:
 You encountered 1 bones level.
 Total elapsed playing time was 37 minutes and 9 seconds.

Major events:
 Turn
    1: LDaviesPeters the neutral female human Archeologist entered the dungeon
  857: entered the Gnomish Mines
  994: attained the rank of Field Worker (level 3)
 4008: killed by a snake

Spells:
 Name                 Level Category     Fail Retention
 cause fear             3   enchantment  100%  76%-100%

Skills:
 Fighting Skills
   bare handed combat [Unskilled]
   two weapon combat  [Unskilled]
   riding             [Unskilled]
 Weapon Skills
   dagger             [Unskilled]
   knife              [Unskilled]
   pick-axe           [Basic]
   short sword        [Unskilled]
   saber              [Unskilled]
   club               [Unskilled]
   quarterstaff       [Unskilled]
   sling              [Unskilled]
   dart               [Unskilled]
   boomerang          [Unskilled]
   whip               [Skilled]
   unicorn horn       [Unskilled]
 Spellcasting Skills
   attack spells      [Unskilled]
   healing spells     [Unskilled]
   divination spells  [Unskilled]
   matter spells      [Unskilled]

Voluntary challenges:
 Character rerolling was not enabled.
 You never genocided any monsters.
 You never polymorphed an object.
 You never changed form.
 You used no wishes.
Achievements:
 You entered the Gnomish Mines.
 You attained the rank of Field Worker.
 You entered a shop.

 The Dungeons of Doom: levels 1 to 7
    Level 1:
       A sink.
    Level 2:
    Level 3:
       A scroll shop, many fountains.
       Stairs down to The Gnomish Mines.
    Level 4:
       A fountain, a sink.
    Level 5:
       An altar.
    Level 6:
    Level 7: <- You were here.
       Some fountains.
       Final resting place for
          you, killed by a snake.
 The Gnomish Mines:
    Level 4:
       Final resting place for
          geegz-Bar-Orc-Mal-Cha, killed by a dingo.


Vanquished creatures:
  a gnome ruler
  2 dingoes
  a rock mole
  a fog cloud
  a shrieker
  a kobold mummy
  a ghoul
  a giant ant
  a little dog
  2 floating eyes
  a dwarf
  3 homunculi
  a kobold leader
  a kobold shaman
  a rothe
  a werejackal
  a gas spore
  2 hobbits
  2 hobgoblins
  4 giant rats
  2 cave spiders
  2 yellow molds
  a garter snake
  a gnome zombie
  3 geckos
  5 jackals
  3 foxes
  a kobold
  2 goblins
  5 grid bugs
  3 bats
  3 lichens
  3 newts
63 creatures vanquished.

No species were genocided or became extinct.

Game over:
                       ----------
                      /          \
                     /    REST    \
                    /      IN      \
                   /     PEACE      \
                  /                  \
                  |  LDaviesPeters   |
                  |      264 Au      |
                  |   killed by a    |
                  |      snake       |
                  |                  |
                  |                  |
                  |       2026       |
                 *|     *  *  *      | *
        _________)/\\_//(\/(/\)/\//\/|_)_______

Goodbye LDaviesPeters the Archeologist...

You died in The Dungeons of Doom on dungeon level 7 with 1834 points,
and 264 pieces of gold, after 4008 moves.
You were level 5 with a maximum of 41 hit points when you died.

